cohdb
Replays
Latest Replays
All Replays
Popular Replays
Top Player Replays
Match Explorer
How It Works
Community
CoH3 Stats
Reddit
Sign in to upload your games and track your stats! →
Sign in with Steam
Match 46092711
Unlisted
Match 46092711
Overview
Messages
Build Orders
End
Kettenkrad Recon Vehicle
Construct Infanterie Kompanie
Grenadier Squad
Selects Breakthrough Battlegroup
Selects Assault Grenadiers
Grenadier Squad
Grenadier Squad
Infanterie Officer Quarters
Medical Station
Selects Breakthrough
Grenadier Squad
Grenadier Squad
Construct Panzergrenadier Kompanie
Selects Mechanized Assault Group
Pak 40 Anti-tank Gun Team
Pak 40 Anti-tank Gun Team
Selects Rapid Production
Support Elements
StuG III G Assault Gun
Construct Panzer Kompanie
Stoßtruppen Squad
Selects Blitzkrieg
Pioneer Squad
Panzer IV Medium Tank
Pioneer Squad
DemYonkers
woof_raff
0
0
Comments
sign in to comment!
No comments posted yet!